 Dungeon Crawl Stone Soup version 0.27.1-2-g3b301248ec (webtiles) character file.

Game seed: 14417814451093579672

180 Borgoz the Skirmisher (level 5, 29/34 HPs)
             Began as a Gargoyle Berserker on Sept 26, 2021.
             Was a Believer of Trog.
             Quit the game on level 3 of the Dungeon.
             The game lasted 00:02:38 (2888 turns).

Borgoz the Skirmisher (Gargoyle Berserker)          Turns: 2888, Time: 00:02:38

Health: 29/34      AC: 16    Str: 22    XL:     5   Next: 60%
Magic:  5/5        EV:  7    Int:  7    God:    Trog [**....]
Gold:   110        SH:  0    Dex:  9    Spells: 4/4 levels left

rFire    . . .     SeeInvis .   a - +0 mace
rCold    . . .     Faith    .   (no shield)
rNeg     + . .     Spirit   .   f - +1 plate armour
rPois    ∞         Reflect  .   (no helmet)
rElec    +         Harm     .   (no cloak)
rCorr    .         Rampage  .   (no gloves)
Will     .....                  (no boots)
Stlth    ..........             (no amulet)
HPRegen  0.11/turn              (no ring)
MPRegen  0.09/turn              (no ring)

@: no status effects
A: sickness immunity, AC +4, negative energy resistance 1, electricity
resistance, torment resistance 1, petrification resistance
a: Renounce Religion, Berserk, Trog's Hand


You were on level 3 of the Dungeon.
You worshipped Trog.
Trog was pleased with you.
You visited 1 branch of the dungeon, and saw 3 of its levels.

You collected 110 gold pieces.

Inventory:

Hand Weapons
 a - a +0 mace (weapon)
Armour
 f - a +1 plate armour (worn)
Scrolls
 d - a scroll of teleportation
Potions
 b - a potion of might {unknown}
 g - a potion of curing {unknown}


   Skills:
 * Level 4.5 Fighting
 * Level 4.1 Maces & Flails
 * Level 3.7 Armour
 + Level 2.2 Dodging


You had 4 spell levels left.
You didn't know any spells.
Your spell library was empty.

Dungeon Overview and Level Annotations

Branches:
Dungeon (3/15)

Altars:

Shops:
D:3 !

Annotations:
D:3 1 transporter


Innate Abilities, Weirdness & Mutations

You are immune to sickness and miasma.
Your stone body is resilient. (AC +4)
You are immune to poison.
You resist negative energy. (rN+)
You are resistant to electric shocks. (rElec)
You are resistant to unholy torment.
You are immune to petrification.


Message History

The adder hisses angrily.
Found Yfenkis's Distillery.
You hit the adder.
The adder is lightly wounded.
The adder barely misses you.
You barely miss the adder.
The adder is lightly wounded.
The adder bites you but does no damage. The goblin hits you but does no damage.
The adder bites you.
You miss the adder.
The adder is lightly wounded.
The adder bites you but does no damage. The goblin barely misses you.
You miss the adder.
The adder is lightly wounded.
The adder bites you but does no damage. The goblin barely misses you.
The adder bites you.
You hit the adder.
The adder is moderately wounded.
The goblin closely misses you. The adder bites you.
The goblin barely misses you. The adder bites you but does no damage.
You sock the adder!
You kill the adder!
Trog accepts your kill.
The walls and floor vibrate strangely for a moment.
The goblin hits you with a +0 dagger.
You sock the goblin!
You kill the goblin!
Trog accepts your kill.
No target in view!
No target in view!
No target in view!
You see here an adder corpse.
Found a scroll of identify.
A rat comes into view.
A ball python and 3 river rats come into view.
The rat bites you but does no damage.
An adder and a rat come into view.
The adder hisses angrily.
You see here a scroll of identify.
Are you sure you want to abandon this character and quit the game? (Confirm with "yes".)

#.........# #.........#
#.........# #.........#
#......)..# #.........#
#.......†.# ##
#.........# #####....
#######.#.#####@.r.....
########.#.....rS.......
.........######....≈≈≈..
########## #...≈≈≈≈≈.
#..r≈≈.≈S. #...≈r≈≈r.
#....≈≈≈.. #.........
##.......


You could see an adder, 3 river rats, a ball python and 2 rats.

Vanquished Creatures
  A black bear (D:3)
  4 adders
  3 dart slugs
  8 endoplasms
  A giant cockroach (D:2)
  4 hobgoblins
  A quokka (D:2)
  2 ball pythons
  2 bats
  11 frilled lizards
  5 goblins
  9 kobolds
  4 rats
55 creatures vanquished.

Vanquished Creatures (others)
  5 plants (D:1)
5 creatures vanquished.

Grand Total: 60 creatures vanquished

Notes
Turn   | Place    | Note
-------+----------+-------------------------------------------
     0 | D:1      | Borgoz the Gargoyle Berserker began the quest for the Orb.
     0 | D:1      | Reached XP level 1. HP: 14/14 MP: 1/1
   360 | D:1      | Reached XP level 2. HP: 15/19 MP: 2/2
  1281 | D:2      | Reached XP level 3. HP: 22/23 MP: 3/3
  1887 | D:2      | Reached ** piety under Trog
  2390 | D:3      | Reached XP level 4. HP: 26/29 MP: 4/4
  2422 | D:3      | Found a transporter.
  2758 | D:3      | Noticed a black bear
  2771 | D:3      | Killed a black bear
  2772 | D:3      | Reached XP level 5. HP: 22/34 MP: 5/5
  2871 | D:3      | Found Yfenkis's Distillery.
  2888 | D:3      | Quit the game

Illustrated notes

Levels and vault maps discovered:
D:1:      dpeg_arrival_lava_temple_mockup, layout_loops_ring, minmay_lizard_king
D:2:      layout_basic
D:3:      layout_basic, portal_sewer_entry_a, serial_shops,
          nicolae_shop_crystal, gammafunk_ghost_smash, grunt_decor_arrowhead

Skill      XL: |  1  2  3  4 |
---------------+-------------+-----
Armour         | 3 |  3.7
Fighting       | 4 |  4.5
Dodging        | 2 |  2.2
Maces & Flails | 4 |  4.1

Action                   |  1- 3 |  4- 6 || total
-------------------------+-------+-------++-------
Melee: Mace              |   123 |    49 ||   172
Invok: Berserk           |       |     1 ||     1
       Trog's Hand       |       |     1 ||     1
  Use: Scroll            |       |     6 ||     6
Armor: Animal skin       |    11 |       ||    11
       Plate armour      |    78 |    50 ||   128
Dodge: Dodged            |    55 |    24 ||    79
